 Dungeon Crawl Stone Soup version 0.16.2-12-gd0ad4c3 (webtiles) character file.

5832 faibistes the Thaumaturge (level 10, -9/52 HPs)
             Began as a Deep Elf Wizard on Dec 19, 2017.
             Was a High Priest of Sif Muna.
             Mangled by a five-headed hydra (15 damage)
             ... summoned by a shadow trap
             ... triggered by an eight-headed hydra
             ... on level 1 of the Lair of Beasts.
             The game lasted 00:41:40 (13060 turns).

faibistes the Thaumaturge (Deep Elf Wizard)        Turns: 13060, Time: 00:41:41

Health: -9/52      AC:  5    Str:  4    XL:     10   Next: 51%
Magic:  11/31      EV: 15    Int: 27    God:    Sif Muna [*****.]
Gold:   453        SH:  0    Dex: 13    Spells: 10 memorised, 1 level left

rFire  . . .     SeeInvis .     w - +0 dagger (venom)
rCold  . . .     Clarity  .     a - +0 robe
rNeg   + . .     SustAb   .     (no shield)
rPois  .         Gourm    +     b - +1 hat
rElec  .         Spirit   .     (no cloak)
rCorr  .         Warding  .     u - +0 pair of gloves
rMut   .         Stasis   .     s - +0 pair of boots
MR     +....                    G - amulet of the gourmand
Stlth  ++........               (no ring)
                                g - ring of positive energy

@: about to teleport, repel missiles, somewhat resistant to hostile
enchantments, unstealthy
A: no striking features
a: Channel Energy, Forget Spell, Renounce Religion


You were on level 1 of the Lair of Beasts.
You worshipped Sif Muna.
Sif Muna was extremely pleased with you.
You were very full.

You visited 3 branches of the dungeon, and saw 11 of its levels.

You collected 453 gold pieces.

Inventory:

Hand weapons
 i - a +0 dagger
 w - a +0 dagger of venom (weapon)
 F - a +1 dagger of speed
Armour
 a - a +0 robe (worn)
 b - a +1 hat (worn)
 h - a +0 pearl dragon armour
 s - a +0 pair of boots (worn)
 u - a +0 pair of gloves (worn)
Jewellery
 g - a ring of positive energy (left hand)
 l - an uncursed ring of teleport control {unknown}
 G - an amulet of the gourmand (around neck)
Magical devices
 C - a wand of paralysis (24)
 E - a wand of confusion (32)
Scrolls
 j - 3 scrolls of magic mapping
 m - a scroll of teleportation
 n - 3 scrolls of enchant weapon
 x - a scroll of amnesia
Potions
 e - 2 potions of might
 o - a potion of heal wounds
 p - 2 potions of curing
 t - 3 potions of brilliance
 v - a potion of cure mutation
 z - 2 potions of invisibility
 A - a potion of lignification {unknown}
 I - a potion of restore abilities {unknown}
Books
 c - a book of Minor Magic

   Spells                             Type                      Level
   a - Magic Dart                     Conjuration                  1
   b - Blink                          Translocation                2
   c - Call Imp                       Summoning                    2
   d - Repel Missiles                 Charms/Air                   2
   e - Slow                           Hexes                        2
   f - Conjure Flame                  Conjuration/Fire             3
   g - Mephitic Cloud                 Conjuration/Poison/Air       3
 r - a book of Air

   Spells                             Type                      Level
   a - Shock                          Conjuration/Air              1
   b - Swiftness                      Charms/Air                   2
   c - Repel Missiles                 Charms/Air                   2
   d - Flight                         Charms/Air                   3
   e - Static Discharge               Conjuration/Air              3
   f - Lightning Bolt                 Conjuration/Air              5
 y - a book of Clouds

   Spells                             Type                      Level
   a - Mephitic Cloud                 Conjuration/Poison/Air       3
   b - Conjure Flame                  Conjuration/Fire             3
   c - Poisonous Cloud                Conjuration/Poison/Air       6
   d - Freezing Cloud                 Conjuration/Ice/Air          6
   e - Ring of Flames                 Charms/Fire                  7
 H - a book of Callings

   Spells                             Type                      Level
   a - Summon Small Mammal            Summoning                    1
   b - Call Imp                       Summoning                    2
   c - Call Canine Familiar           Summoning                    3
   d - Summon Guardian Golem          Hexes/Summoning              4
   e - Summon Lightning Spire         Summoning/Air                4
   f - Summon Ice Beast               Ice/Summoning                4
Comestibles
 d - 10 bread rations
 f - 5 chunks of flesh
 k - 4 meat rations
 q - 2 royal jellies
 B - 3 beef jerkies
 D - a slice of pizza


   Skills:
 + Level 1.6 Fighting
 + Level 6.0 Dodging
 - Level 2.4 Stealth
 * Level 10.1 Spellcasting
 + Level 7.0 Conjurations
 + Level 2.6 Charms
 - Level 5.0 Summonings
 + Level 3.3 Translocations
 * Level 5.5 Fire Magic
 * Level 1.5 Ice Magic
 * Level 5.9 Air Magic
 - Level 3.2 Poison Magic
 * Level 4.1 Invocations
 + Level 2.3 Evocations


You had one spell level left.
You knew the following spells:

 Your Spells              Type           Power        Failure   Level  Hunger
a - Magic Dart            Conj           ####         1%          1    None
b - Conjure Flame         Conj/Fire      #####...     1%          3    None
c - Summon Ice Beast      Ice/Summ       ####....     14%         4    None
d - Blink                 Tloc           N/A          1%          2    None
e - Mephitic Cloud        Conj/Pois/Air  #####...     1%          3    None
f - Repel Missiles        Chrm/Air       #####.       1%          2    None
g - Swiftness             Chrm/Air       #####...     1%          2    None
h - Summon Lightning Spi  Summ/Air       #####...     4%          4    None
t - Call Imp              Summ           #####...     1%          2    None
v - Lightning Bolt        Conj/Air       #####.....   10%         5    ####...


Dungeon Overview and Level Annotations

Branches:
Dungeon (9/15)             Temple (1/1) D:4            Lair (1/8) D:8
    Orc: D:9-12

Altars:
Ashenzari
Cheibriados
Dithmenos
Elyvilon
Fedhas
Gozag
Kikubaaqudgha
Makhleb
Nemelex Xobeh
Okawaru
Qazlal
Ru
Sif Muna
Trog
Vehumet
Xom
Yredelemnul
Zin
The Shining One


Message History

Some of the chunks of flesh in your inventory have rotted away.
You start resting.
You start to feel a little slower.
Found a scroll of immolation.
You start resting.
You feel sluggish.
You start resting.
You start to feel a little faster.
You start resting.
You enter the shallow water.
Moving in this stuff is going to be slow.
You no longer feel sluggish.
The five-headed hydra roars!
Read which item? (? for menu, Esc to quit)
As you read the scroll of teleportation, it crumbles to dust.
You feel strangely unstable. The five-headed hydra bites you!
* * * LOW HITPOINT WARNING * * *
The five-headed hydra bites you!
You die...

#.P .##?.
.S. ......
.#.
.##...D####
.. ♣....# ♣
♣ ♣.# ♣♣.
♣♣≈#
♣≈≈≈♣≈≈#
♣≈≈≈D##
♣♣..@.#
♣♣♣..# ♣..#
♣..# ....
...## %#..
## .# .


You could see a five-headed hydra.

Vanquished Creatures
  A hydra (Lair:1)
  The ghost of faibistes the Cudgeler, an experienced OgWr (D:7)
  Pikel (D:5)
  The ghost of faibistes the Thaumaturge, an experienced DEWz (D:6)
  A spriggan (D:7)
  A yak (D:8)
  Eustachio (D:7)
  A deep elf fighter (D:8)
  A porcupine (D:8)
  2 water moccasins
  An ice beast (D:5)
  A sky beast (D:6)
  2 orc warriors
  A black bear (D:4)
  2 necrophages
  2 ogres
  A crocodile (D:8)
  Blork the orc (D:7)
  A big kobold (D:8)
  4 wights (D:7)
  A goliath beetle (D:6)
  3 crimson imps
  4 killer bees (D:7)
  7 hounds
  3 orc priests
  A jelly (D:5)
  A centaur zombie (D:6)
  A giant frog skeleton (D:4)
  A gnoll shaman (D:7)
  10 orc wizards
  2 iguanas (D:4)
  4 worker ants
  2 killer bee zombies
  A hound zombie (D:6)
  4 gnolls (D:7)
  12 adders
  2 worker ant zombies
  4 river rats
  7 worms
  2 adder skeletons
  An ooze (D:4)
  30 orcs
  23 bats
  A bat zombie (D:5)
  6 giant cockroaches
  16 hobgoblins
  21 kobolds
  3 ball pythons
  5 giant geckos
  A giant gecko zombie (D:8)
  A giant newt (D:1)
  16 goblins
  4 jackals
  A jackal skeleton (D:8)
  22 rats
250 creatures vanquished.

Vanquished Creatures (collateral kills)
  A scorpion (D:4)
  An iguana (D:4)
  An orc wizard (D:3)
  Ijyb (D:4)
  2 orcs (D:3)
  A quokka (D:4)
  A bat (D:3)
  A rat (D:3)
9 creatures vanquished.

Vanquished Creatures (others)
  A crimson imp (D:6)
  2 shadow imps
  2 white imps
  An orc (D:5)
  2 fungi
  A plant (Lair:1)
9 creatures vanquished.

Grand Total: 268 creatures vanquished

Notes
Turn   | Place    | Note
--------------------------------------------------------------
     0 | D:1      | faibistes, the Deep Elf Wizard, began the quest for the Orb.
     0 | D:1      | Reached XP level 1. HP: 10/10 MP: 6/6
   320 | D:2      | Reached XP level 2. HP: 15/15 MP: 8/10
   331 | D:2      | Learned a level 2 spell: Blink
   334 | D:2      | Learned a level 2 spell: Call Imp
  1159 | D:1      | Reached XP level 3. HP: 19/19 MP: 9/13
  1164 | D:1      | Learned a level 3 spell: Conjure Flame
  1168 | D:1      | Learned a level 3 spell: Mephitic Cloud
  1218 | D:1      | Reached skill level 5 in Spellcasting
  1734 | D:2      | Found a glowing silver altar of Zin.
  2111 | D:2      | Reached XP level 4. HP: 24/24 MP: 2/17
  2115 | D:2      | Learned a level 2 spell: Repel Missiles
  2881 | D:5      | Entered Level 5 of the Dungeon
  2957 | D:3      | Noticed Ijyb
  3516 | D:3      | Found a shattered altar of Ashenzari.
  3516 | D:3      | Found a snail-covered altar of Cheibriados.
  3516 | D:3      | Found a radiant altar of Vehumet.
  3516 | D:3      | Found a burning altar of Makhleb.
  3516 | D:3      | Found an opulent altar of Gozag.
  3516 | D:3      | Found a glowing golden altar of the Shining One.
  3516 | D:3      | Found a shadowy altar of Dithmenos.
  3914 | D:3      | Reached skill level 6 in Spellcasting
  3914 | D:3      | Reached XP level 5. HP: 25/28 MP: 3/20
  4228 | D:3      | Learned a level 2 spell: Swiftness
  5347 | D:4      | Found a staircase to the Ecumenical Temple.
  5354 | Temple   | Entered the Ecumenical Temple
  5399 | Temple   | Became a worshipper of Sif Muna the Loreminder
  5584 | D:4      | Killed Ijyb
  5607 | D:4      | Reached XP level 6. HP: 27/32 MP: 5/22
  5944 | D:4      | Noticed a black bear
  5952 | D:4      | Killed a black bear
  5952 | D:4      | Reached skill level 1 in Air Magic
  6083 | D:5      | Reached skill level 1 in Fire Magic
  6097 | D:5      | Reached skill level 7 in Spellcasting
  6428 | D:5      | Noticed an ice beast
  6471 | D:5      | Killed an ice beast
  6471 | D:5      | Reached XP level 7. HP: 36/36 MP: 3/25
  6588 | D:5      | Acquired Sif Muna's first power
  6588 | D:5      | Reached skill level 1 in Poison Magic
  6887 | D:5      | Noticed a slave
  6907 | D:5      | Noticed Pikel
  6908 | D:5      | Noticed a slave
  6908 | D:5      | Noticed a slave
  6908 | D:5      | Noticed a slave
  6919 | D:5      | Killed Pikel
  6919 | D:5      | Acquired Sif Muna's second power
  6919 | D:5      | Reached skill level 5 in Conjurations
  6919 | D:5      | Reached XP level 8. HP: 33/41 MP: 15/27
  7642 | D:6      | Reached skill level 8 in Spellcasting
  8053 | D:6      | Noticed faibistes' ghost (experienced DEWz)
  8085 | D:6      | Killed faibistes' ghost
  8085 | D:6      | Reached skill level 5 in Dodging
  8614 | D:7      | Reached XP level 9. HP: 45/45 MP: 12/29
  8884 | D:7      | Noticed Blork the orc
  8904 | D:7      | Killed Blork the orc
  8988 | D:7      | Noticed faibistes' ghost (experienced OgWr)
  8999 | D:7      | Killed faibistes' ghost
  8999 | D:7      | Reached skill level 9 in Spellcasting
  8999 | D:7      | Reached skill level 5 in Summonings
  9286 | D:6      | Noticed a water moccasin
  9297 | D:6      | Killed a water moccasin
  9297 | D:6      | Acquired Sif Muna's third power
  9304 | D:6      | Learned a level 5 spell: Lightning Bolt
  9468 | D:7      | Reached skill level 1 in Invocations
  9762 | D:6      | Reached skill level 5 in Air Magic
 10359 | D:7      | Reached skill level 1 in Charms
 10359 | D:7      | Reached skill level 1 in Evocations
 10458 | D:7      | Noticed Eustachio
 10514 | D:7      | Killed Eustachio
 10514 | D:7      | Reached skill level 1 in Fighting
 10514 | D:7      | Reached skill level 5 in Fire Magic
 10951 | D:7      | Reached XP level 10. HP: 52/52 MP: 24/31
 11918 | D:8      | Found a staircase to the Lair.
 12797 | D:8      | Learned a level 4 spell: Summon Lightning Spire
 12802 | D:8      | Learned a level 4 spell: Summon Ice Beast
 12950 | D:8      | Reached skill level 10 in Spellcasting
 13007 | Lair:1   | Entered Level 1 of the Lair of Beasts
 13007 | Lair:1   | Noticed an eight-headed hydra
 13017 | Lair:1   | Noticed an eight-headed hydra
 13017 | Lair:1   | Noticed a five-headed hydra
 13017 | Lair:1   | Killed an eight-headed hydra
 13017 | Lair:1   | Reached skill level 1 in Ice Magic
 13020 | Lair:1   | Noticed a six-headed hydra
 13020 | Lair:1   | Noticed a black mamba
 13060 | Lair:1   | Mangled by a five-headed hydra

Action                   |  1- 3 |  4- 6 |  7- 9 | 10-12 || total
-------------------------+-------+-------+-------+-------++-------
Melee: Dagger            |       |     8 |    46 |    46 ||   100
 Cast: Magic Dart        |   120 |   177 |   258 |   124 ||   679
       Mephitic Cloud    |       |    13 |    12 |     4 ||    29
       Call Imp          |       |    13 |     3 |       ||    16
       Blink             |       |     7 |     2 |     5 ||    14
       Repel Missiles    |       |     2 |     1 |       ||     3
       Conjure Flame     |       |     6 |    35 |    11 ||    52
       Lightning Bolt    |       |       |     5 |    14 ||    19
       Swiftness         |       |       |       |     1 ||     1
       Summon Lightning  |       |       |       |     1 ||     1
Invok: Channel Energy    |       |       |     5 |     2 ||     7
  Use: Scroll            |     4 |     9 |     4 |     6 ||    23
       Potion            |       |       |     1 |       ||     1
 Stab: Confused          |       |     1 |       |       ||     1
       Sleeping          |       |       |       |     2 ||     2
  Eat: Chunk             |     3 |    12 |    30 |     7 ||    52
       Beef jerky        |       |     1 |       |       ||     1
